woodfighter, chaotic female orcish Cavewoman ------- #.<....| --------------------------------- |.....| |...............................| |.....| | ---- -----.----+--..-----..| #-......# |@..|.-..| |..| |..| ###-------# |.a@|.|(.| |..| |..| # # |..%-%---| --.| |...####### # |...|....+ |.-+---..| # ----|....| |........| # -+--.-----..-----.| #### |........+ |.| #------- -+---....| |.| #|.....| ----.- -.| )|.....| +.. .| #...>..| |... .| |.....| -..... .| ------- .......| --------- woodfighter the Young Cave Woman Experience level: 7 Strength: 18 Dexterity: 16 Constitution: 18 Intelligence: 8 Wisdom: 8 Charisma: 7 Health: 0(74) Energy: 20(20) Def: 7 Gold: 21 Moves: 2577 Dungeon seed: fUWkC0-MiQkk7uxO Game ID: woodfighter_1474982759 Your Inventory: Coins $ - 21 gold pieces Weapons a - a +1 club (weapon in hand) w - 13 +0 arrows (in quiver) x - a +0 bow (alternate weapon; not wielded) Armor e - an uncursed +0 dwarvish cloak n - an uncursed +0 pair of iron shoes q - an uncursed +0 dwarvish iron helm z - an uncursed +0 dwarvish cloak D - an uncursed +0 elven mithril-coat (being worn) H - a cursed +0 dwarvish cloak K - an uncursed +0 dwarvish cloak L - an uncursed +0 dwarvish iron helm M - an uncursed +0 pair of iron shoes N - an uncursed +0 dwarvish cloak (being worn) T - a cursed -2 pair of leather gloves U - an uncursed +0 pair of elven boots X - a blessed +0 dwarvish iron helm (being worn) Z - an uncursed +0 pair of iron shoes Comestibles d - 4 uncursed food rations f - an uncursed lembas wafer r - 2 uncursed fortune cookies J - 2 uncursed mangos Scrolls V - an uncursed scroll of consecration Spellbooks h - an uncursed spellbook of force bolt l - an uncursed spellbook of force bolt m - an uncursed spellbook of dig y - an uncursed spellbook of magic missile Wands i - a wand of opening (0:8) Tools F - an uncursed magic whistle I - a +0 pick-axe Q - an uncursed lock pick W - an uncursed tallow candle (0:200) Spells and supernatural/magical abilities: Name Level Category Fail Memory W - pray for help -- divine ? -- Your skills at the end: Miscellaneous Skills bare handed combat [Basic] Weapon Skills scimitar [Basic] club [Basic] sling [Basic] Spellcasting Skills Final Attributes: You were piously aligned. You were poison resistant. You were telepathic. You had infravision. You were fast. You are dead. Vanquished creatures: a giant beetle a soldier ant a fire ant 2 wood nymphs a rock piercer a pony 3 gnome lords 3 gnomish wizards 2 floating eyes 6 dwarves an iguana a rabid rat a jitterbug a giant bat 3 orc zombies 11 killer bees a hobbit 2 acid blobs 2 geckos 2 green molds 18 gnomes 4 manes 3 gnome zombies 2 jackals a fox a kobold 3 newts 5 grid bugs 2 lichens a kobold zombie 86 creatures vanquished. Voluntary challenges: You did not adorn yourself with jewelry or accessories. You did not cause conflict. You were not invisible. You did not have reflection. You were not displaced. You used a wielded weapon 127 times, starting on turn 27. You did not apply a unicorn horn. You did not use plumbed fixtures. You did not drink any magical draughts. You were illiterate. You never genocided any monsters. You never polymorphed an object. You never changed form. You used no wishes. You never split a pudding. You never wrote Elbereth's name. You never violated your personal moral code. Dungeon overview: The Dungeons of Doom: levels 1 to 5 Level 1 some fountains a long staircase Level 2 (locked box) an altar to Ishtar, a fountain Level 3 Level 4 a scroll shop, a fountain stairs to The Gnomish Mines Level 5 The Gnomish Mines: levels 5 to 8 Level 5 (nymph) stairs to The Dungeons of Doom Level 6 Level 7 <- You were here a temple to Ishtar, a magic chest Level 8 History has recorded: On T:1 you entered the Dungeons of Doom to retrieve the Amulet of Yendor! On T:240 you reached level 2 of The Dungeons of Doom. On T:593 you reached level 3 of The Dungeons of Doom. On T:808 you reached level 4 of The Dungeons of Doom. On T:875 you advanced to experience level 2. On T:1276 you advanced to experience level 3. On T:1424 you advanced to experience level 4. On T:1435 you reached level 1 of The Gnomish Mines. On T:1477 you reached level 5 of The Dungeons of Doom. On T:1692 you advanced to experience level 5. On T:1705 you prayed to Anshar. On T:1736 you reached level 2 of The Gnomish Mines. On T:1826 you advanced to experience level 6. On T:2124 you reached level 3 of The Gnomish Mines. On T:2131 you advanced to experience level 7. On T:2395 you reached level 4 of The Gnomish Mines. On T:2481 you entered the Minetown temple On T:2509 you opened a magic chest. Score breakdown: Gold: 21 ( 2 points) Experience: 7 levels ( 600 points) Exploration: 8 levels ( 210 points) Discoveries: 17 items ( 850 points) Variety of kills: 30 monsters ( 1500 points) Major goal: reached Minetown ( 500 points) Survival: died (score multiplied by 3) Total score: 10986 Latest messages: You have a little trouble lifting T - a cursed pair of fencing gloves. You have a little trouble lifting Z - an uncursed pair of hard shoes. You have a little trouble lifting U - an uncursed pair of jungle boots. You have a little trouble lifting V - an uncursed scroll called consecration. You have a little trouble lifting W - an uncursed candle. Your movements are slowed slightly because of your load. You are beginning to feel hungry. You drop a cursed dwarvish mithril-coat. You start equipping your hard hat. You take off your hard hat. You stop changing your equipment. You continue equipping your hard hat. You are now wearing a hard hat. You start equipping your pair of jungle boots. You take off your pair of hard shoes. You stop changing your equipment. You hit the giant beetle! (2x) The giant beetle bites! You hit the giant beetle! The giant beetle bites! You hit the giant beetle. (2x) The giant beetle bites! You die... Final status: Goodbye woodfighter the Cavewoman, killed by a giant beetle... You died in The Gnomish Mines on dungeon level 7 with 10986 points, and 21 pieces of gold, after 2577 moves. You were level 7 with a maximum of 74 hit points when you died.